Map: Ultralove

Players

Archer

  • Race: Zerg Zerg
  • League: Diamond
  • Spawn Location: 1:00

wootwoot - Winner!

  • Race: Protoss Protoss
  • League: Diamond
  • Spawn Location: 7:00

VOD

Have the link to the VOD?

Description

Time

  • Played on: April 4, 2025, 12:39 a.m.
  • Length: 6:09
Show
View Real Time Build Order
Export as new Build Order

Archer Zerg 

Build Orders: Hatch First 

Get SALT Encoding   

  12  0:00  Drone  
  13  0:10  Drone  
  14  0:17  Extractor  
  14  0:18  Drone  
  15  0:37  Hatchery  
  14  0:44  Drone, Extractor  
  14  0:49  Overlord  
  15  1:04  Spawning Pool  
  15  1:09  Drone  
  15  1:12  Drone  
  15  1:15  Drone  
  17  1:26  Drone  
  17  1:29  Extractor  
  17  1:34  Drone  
  18  1:42  Drone  
  19  1:51  Queen x2  
  23  1:55  Drone  
  23  1:58  Drone  
  25  2:02  Drone  
  25  2:07  Overlord  
  26  2:15  Zergling x4  
  28  2:27  Queen  
  31  2:44  Drone, Hatchery  
  31  2:50  Drone x2  
  32  2:51  Drone  
  32  2:57  Metabolic Boost  
  33  3:10  Drone x3  
  36  3:23  Overlord x2  
  36  3:40  Queen  
  39  3:41  Drone x3  
  39  3:42  Drone x2  
  39  3:43  Drone x2  
  39  3:44  Drone  
  39  3:45  Zergling x6  
  49  3:54  Zergling x4  
  51  4:04  Queen x2  
  51  4:05  Drone  
  51  4:06  Drone x2  
  58  4:24  Overlord x3  
  58  4:25  Overlord x2  
  58  4:28  Spore Crawler  
  57  4:39  Drone  
  57  4:45  Drone x6, Roach Warren, Extractor x2  
  57  4:46  Extractor  
  57  4:49  Drone  
  57  4:50  Drone  
  57  4:51  Drone  
  62  5:08  Drone x4  
  66  5:14  Drone x4  
  66  5:16  Evolution Chamber  
  66  5:20  Queen x2  
  73  5:26  Roach x2  
  72  5:44  Zergling x2  
  72  5:45  Zergling x24  
  75  5:58  Spore Crawler  
Show
View Real Time Build Order
Export as new Build Order

wootwoot Protoss - Winner!

Build Orders: 1 Gate Expand 

Get SALT Encoding   

  12  0:00  Probe  
  13  0:12  Probe  
  14  0:20  Pylon  
  14  0:25  Probe  
  15  0:34  Probe  
  15  0:38  Gateway  
  16  0:42  Probe  
  16  0:48  Assimilator  
  17  0:52  Probe  
  18  1:04  Probe  
  19  1:16  Probe  
  20  1:22  Nexus  
  20  1:32  Cybernetics Core  
  20  1:38  Probe  
  20  1:39  Assimilator  
  21  1:46  Probe  
  21  1:47  Pylon  
  22  1:54  Probe  
  23  2:01  Adept  
  23  2:09  Stargate  
  23  2:13  Probe  
  26  2:21  Warp Gate  
  26  2:25  Probe  
  26  2:29  Shield Battery  
  27  2:35  Probe  
  28  2:37  Probe  
  29  2:47  Probe  
  29  2:48  Void Ray  
  29  2:49  Probe  
  35  2:59  Probe  
  35  3:02  Probe  
  35  3:03  Pylon  
  37  3:09  Twilight Council  
  37  3:11  Probe  
  38  3:14  Probe  
  39  3:23  Probe  
  39  3:26  Probe  
  41  3:31  Void Ray  
  41  3:35  Charge, Probe  
  41  3:38  Probe  
  47  3:47  Probe  
  48  3:51  Gateway  
  48  3:52  Gateway  
  48  3:57  Gateway  
  48  4:00  Gateway  
  48  4:05  Gateway  
  48  4:22  Gateway  
  48  4:25  Pylon  
  48  4:27  Pylon  
  48  4:32  Zealot  
  50  4:45  Void Ray  
  50  4:51  Zealot x2, Pylon  
  58  5:03  Zealot x2  
  58  5:04  Zealot x2  
  58  5:07  Pylon  
  65  5:15  Zealot  
  67  5:24  Zealot  
  67  5:26  Zealot x2  
  67  5:27  Zealot  
  75  5:36  Pylon  
  75  5:38  Pylon  
  75  5:52  Zealot  
  73  5:57  Zealot  
  73  5:58  Zealot x4  
Tags
 
Add a new tag
Caveats
  • Supply blocks, unpowered buildings, or Contaminate may cause inaccurate times.
  • Supply counts are checked every 10 seconds.